 Dungeon Crawl Stone Soup version 0.25-a0-697-g890751e (webtiles) character file.

Game seed: 6589333582569746345, levelgen mode: deterministic

13 Charmandara the Firebug (level 2, -1/20 HPs)
             Began as a Hill Orc Fire Elementalist on Apr 2, 2020.
             Slain by a jackal (3 damage)
             ... on level 1 of the Dungeon.
             The game lasted 00:00:44 (116 turns).

Charmandara the Firebug (Hill Orc Fire Elementalist) Turns: 116, Time: 00:00:44

Health: -1/20      AC:  2    Str: 10    XL:     2   Next: 37%
Magic:  0/4        EV: 12    Int: 15    God:
Gold:   6          SH:  0    Dex: 11    Spells: 3/4 levels left

rFire    . . .     SeeInvis .   b - +0 dagger
rCold    . . .     Gourm    .   (no shield)
rNeg     . . .     Faith    .   a - +0 robe
rPois    .         Spirit   .   (no helmet)
rElec    .         Reflect  .   (no cloak)
rCorr    .         Harm     .   (no gloves)
MR       .....                  (no boots)
Stlth    ++........             (no amulet)
HPRegen  0.06/turn              (no ring)
MPRegen  0.09/turn              (no ring)

@: no status effects
A: no striking features
a: no special abilities


You were on level 1 of the Dungeon.
You were not hungry.

You visited 1 branch of the dungeon, and saw 1 of its levels.

You collected 6 gold pieces.

Inventory:

Hand Weapons
 b - a +0 dagger (weapon)
   (You took it off a goblin on level 1 of the Dungeon)
Armour
 a - a +0 robe (worn)
Scrolls
 d - a scroll of enchant armour {unknown}
 e - a scroll of blinking {unknown}
Comestibles
 c - a ration
 f - 3 chunks of flesh {@w0}


   Skills:
 - Level 1.5 Dodging
 - Level 1.5 Stealth
 - Level 1.5 Spellcasting
 + Level 2.3 Conjurations
 - Level 3.2 Fire Magic


You had 3 spell levels left.
You knew the following spells:

 Your Spells              Type           Power        Failure   Level  Hunger
a - Foxfire               Conj/Fire      #...         8%          1    ##.....

Your spell library contained the following spells:

 Spells                   Type           Power        Failure   Level  Hunger
 Conjure Flame            Conj/Fire      #.......     22%         3    ####...
 Inner Flame              Hex/Fire       #.......     34%         3    ####...
 Sticky Flame             Conj/Fire      #.......     58%         4    #####..
 Fireball                 Conj/Fire      #.........   90%         5    ######.


Dungeon Overview and Level Annotations

Branches:
Dungeon (1/15)

Altars:


Message History

You barely miss the goblin. The goblin hits you.
You take 1 damage, and have 7/14 hp.
You completely miss the goblin.
A leopard gecko comes into view.
The goblin barely misses you.
The leopard gecko hisses angrily.
You hit the goblin.
You kill the goblin!
Your Conjurations skill increases to level 2!
You have reached level 2!
You regained 3 hp, and now have 10/20 hp.
MP restored: 4
Things that are here:
a goblin corpse; a bat corpse You butcher the goblin corpse.
f - a chunk of flesh {@w0}
Things that are here:
a goblin skeleton; a bat corpse A leopard gecko is nearby!
The leopard gecko closely misses you. The leopard gecko bites you.
You take 2 damage, and have 9/20 hp.
You hit the leopard gecko.
The leopard gecko bites you but does no damage.
Things that are here:
a goblin skeleton; a bat corpse You barely miss the leopard gecko.
The leopard gecko bites you.
You take 1 damage, and have 8/20 hp.
You conjure some foxfire!
The leopard gecko barely misses you.
You now have 3/4 mp.
Unknown command.
Unknown command.
The foxfire hits the leopard gecko.
You kill the leopard gecko!
Unknown command.
The foxfire hits the kobold.
You kill the kobold!
You see here a leopard gecko corpse.
You see here a leopard gecko corpse.
e - a scroll labeled WURIAP ECSYI You see here 5 stones.
There isn't anything to butcher here.
You see here a leopard gecko corpse.
You butcher the leopard gecko corpse.
f - 3 chunks of flesh {@w0} (gained 2)
You see here a leopard gecko skeleton.
You start resting.
A jackal comes into view.
MP restored: 4 A jackal is nearby!
A jackal is nearby!
The jackal barks!
You hear a bark!
A jackal comes into view.
Things that are here:
a goblin skeleton; a bat corpse A jackal comes into view.
The jackal bites you.
The jackal moves out of view.
You conjure some foxfire!
The jackal bites you but does no damage.
You now have 3/4 mp.
You hit the jackal but do no damage.
The foxfire hits the jackal.
The foxfire hits the jackal but does no damage.
The jackal closely misses you. The jackal barely misses you.
The jackal misses you. The jackal bites you.
* * * LOW HITPOINT WARNING * * *
You take 3 damage, and have 6/20 hp.
Things that are here:
a goblin skeleton; a bat corpse You conjure some foxfire!
The jackal bites you.
* * * LOW HITPOINT WARNING * * *
The jackal barely misses you.
You take 1 damage, and have 5/20 hp.
You now have 2/4 mp.
You see here a leopard gecko skeleton.
You conjure some foxfire!
You now have 1/4 mp.
Unknown command.
The foxfire hits the jackal.
The jackal barely misses you.
You conjure some foxfire!
The jackal closely misses you.
You now have 0/4 mp.
You hit the jackal.
You kill the jackal!
The foxfire hits the jackal. x2
You kill the jackal!
You hit the jackal but do no damage.
The jackal bites you but does no damage.
The jackal barely misses you.
You closely miss the jackal. The jackal bites you.
* * * LOW HITPOINT WARNING * * *
You take 1 damage, and have 4/20 hp.
Unknown command.
You conjure some foxfire!
The jackal closely misses you. The jackal misses you.
You now have 0/4 mp.
Unknown command.
The foxfire hits the jackal.
The foxfire hits the jackal but does no damage.
You closely miss the jackal. The jackal closely misses you.
Unknown command.
You hit the jackal but do no damage. The jackal bites you.
* * * LOW HITPOINT WARNING * * *
The jackal bites you.
You die...

≈≈≈#. #....# ≈≈#..
##...## #... #....##
###...# ##....###
#......####.....####..[
........÷.###.........#
$.......#†####.#####.##
......).#(h..#.###
.......#...@.....#
.................#
.........##......#
.....#...##...####
.....#...##...#
.....#...##.... ....
#....# #....#


You could see a jackal.

Vanquished Creatures
  A leopard gecko (D:1)
  2 bats (D:1)
  3 goblins (D:1)
  2 jackals (D:1)
  A kobold (D:1)
  A frilled lizard (D:1)
10 creatures vanquished.

Vanquished Creatures (others)
  14 foxfires (D:1)
14 creatures vanquished.

Grand Total: 24 creatures vanquished

Notes
Turn   | Place    | Note
-------+----------+-------------------------------------------
     0 | D:1      | Charmandara the Hill Orc Fire Elementalist began the quest
                  | for the Orb.
     0 | D:1      | Reached XP level 1. HP: 14/14 MP: 3/3
    66 | D:1      | Reached skill level 2 in Conjurations
    66 | D:1      | Reached XP level 2. HP: 10/20 MP: 4/4
   105 | D:1      | HP: 5/20 [jackal (1)]
   112 | D:1      | HP: 4/20 [jackal (1)]
   116 | D:1      | Slain by a jackal

Levels and vault maps discovered:
D:1:      heliophobic_arrival_dark_side_of_the_moon, layout_basic, minivault_4

Skill      XL: |  1 |
---------------+----+-----
Conjurations   | 2 |  2.3
Dodging        | |  1.5
Stealth        | |  1.5
Spellcasting   | |  1.5
Fire Magic     | |  3.2

Action                   || total
-------------------------++-------
Melee: Dagger            ||    26
 Cast: Foxfire           ||     9
Armor: Robe              ||    11
Dodge: Dodged            ||    21

Table legend:
 A = Non-vault XP
 B = Vault XP
 C = Vault XP percentage of total XP
 D = Non-vault monster count
 E = Vault monster count
 F = Vault count percentage of total count
                 A         B        C        D         E       F
            +---------+---------+-------+---------+---------+-------
      Total |      19 |       0 |   0.0 |      10 |       0 |   0.0
            +---------+---------+-------+---------+---------+-------
        D:1 |      19 |       0 |   0.0 |      10 |       0 |   0.0
            +---------+---------+-------+---------+---------+-------

Levels and vault maps discovered:
D:1:      heliophobic_arrival_dark_side_of_the_moon, layout_basic, minivault_4

Table legend:
 A = Turns spent in this place as a percentage of turns spent in the entire game.
 B = Non-inter-level travel turns spent in this place as a percentage of non-inter-level travel turns spent in the entire game.
 C = Inter-level travel turns spent in this place as a percentage of turns spent in this place.
 D = Turns resting spent in this place as a percentage of non-inter-level travel turns spent in this place.
 E = Turns spent auto-exploring this place as a percentage of non-inter-level travel turns spent in this place.
 F = Non-inter-level travel turns spent in this place divided by the number of levels of this place that you've seen.
                   A       B       C       D       E      F
               +-------+-------+-------+-------+-------+----------------------
         Total | 100.0 | 100.0 |   0.0 |  13.8 |  25.0 | 116.0
       Dungeon | 100.0 | 100.0 |   0.0 |  13.8 |  25.0 | 116.0
               +-------+-------+-------+-------+-------+----------------------

Table legend:
 A = Kills in this place as a percentage of kills in entire the game.
 B = Kills by you in this place as a percentage of kills by you in the entire game.
 C = Kills by friends in this place as a percentage of kills by friends in the entire game.
 D = Other kills in this place as a percentage of other kills in the entire game.
 E = Experience gained in this place as a percentage of experience gained in the entire game.
 F = Experience gained in this place divided by the number of levels of this place that you have seen.
                   A       B       C       D       E      F
               +-------+-------+-------+-------+-------+----------------------
         Total | 100.0 | 100.0 |   N/A |   N/A | 100.0 |  19.0
       Dungeon | 100.0 | 100.0 |   N/A |   N/A | 100.0 |  19.0
               +-------+-------+-------+-------+-------+----------------------
